 Dungeon Crawl Stone Soup version 0.29.1-12-g30fa7ad0bf (webtiles) character file.

Game seed: 15259723133134282374

49 Anandil the Shooter (level 3, -1/31 HPs)
             Began as a Minotaur Hunter on Dec 14, 2022.
             Slain by an orc
             ... wielding a +2 trident of protection
              (10 damage)
             ... on level 2 of the Dungeon on Dec 15, 2022.
             The game lasted 00:02:46 (1865 turns).

Anandil the Shooter (Minotaur Hunter)               Turns: 1865, Time: 00:02:47

Health: -1/31      AC:  5    Str: 17      XL:     3   Next: 53%
Magic:  1/1        EV: 11    Int:  6      God:
Gold:   141        SH:  0    Dex: 12 (13) Spells: 2/2 levels left

rFire   . . .      SeeInvis .   p - +0 halberd
rCold   . . .      Faith    .   (shield currently unavailable)
rNeg    . . .      Spirit   .   m - +0 ring mail
rPois   .          Reflect  .   (helmet restricted)
rElec   .          Harm     .   (no cloak)
rCorr   .          Rampage  .   (no gloves)
Will    .....                   (no boots)
Stlth   +.........              (no amulet)
HPRegen 0.10/turn               (no ring)
MPRegen 0.07/turn               (no ring)

@: no status effects
A: horns 2, retaliatory headbutt, deterioration 1, low MP 1
a: no special abilities


You were on level 2 of the Dungeon.
You visited 1 branch of the dungeon, and saw 3 of its levels.

You collected 141 gold pieces.

Inventory:

Hand Weapons
 a - a +0 shortbow
 p - a +0 halberd (weapon)
Missiles
 q - a throwing net (quivered)
Armour
 c - a +0 leather armour
 m - a +0 ring mail (worn)
Jewellery
 i - a ring of see invisible
 s - a ring of fire
Scrolls
 b - 2 scrolls of immolation
 d - a scroll of fear {unknown}
 f - a scroll of blinking {unknown}
 j - a scroll of teleportation {unknown}
 o - a scroll of identify {unknown}
Potions
 e - a potion of mutation
 g - a potion of degeneration {unknown}
 h - a potion of ambrosia {unknown}
 l - a potion of haste {unknown}
 n - a potion of heal wounds {unknown}
 r - a potion of magic {unknown}


   Skills:
 + Level 3.6 Fighting
 + Level 1.3 Polearms
 - Level 4.3 Ranged Weapons
 + Level 1.3 Armour
 - Level 2.8 Dodging
 - Level 0.7 Stealth


You had 2 spell levels left.
You didn't know any spells.
Your spell library contained the following spells:

 Spells                   Type           Power      Damage    Failure   Level
 Summon Small Mammal      Summ           0%         N/A       67%         1
 Call Canine Familiar     Summ           0%         N/A       95%         3
 Summon Guardian Golem    Hex/Summ       0%         N/A       95%         3


Dungeon Overview and Level Annotations

Branches:
Dungeon (3/15)

Altars:


Innate Abilities, Weirdness & Mutations

You have a pair of horns on your head.
You reflexively headbutt those who attack you in melee.
Your body sometimes deteriorates upon taking damage.
Your magical capacity is low. (-10% MP)


Message History

The orc hits you with a +0 trident! The orc attacks as you move away!
The orc hits you with a +0 trident. The orc closely misses you.
The orc hits you from afar with a +0 trident!
There is a stone staircase leading up here.
The orc barely misses you. The orc hits you but does no damage.
You climb upwards.
There is a stone staircase leading down here.
Unknown command.
Press: ? - help, v - describe, . - travel
Here: an orc, wielding a +2 trident of protection and wearing a +0 leather armour The floor.
It was a potion of mutation.
You feel extremely strange.
You feel less energetic.
You feel yourself wasting away.
The orc hits you with a +2 trident of protection.
* * * LOW HITPOINT WARNING * * *
It was a potion of curing.
You feel better. The orc hits you but does no damage.
You hit the orc but do no damage. The orc hits you but does no damage.
You hit the orc but do no damage.
The orc hits you with a +2 trident of protection!
* * * LOW HITPOINT WARNING * * *
You hit the orc.
The orc is moderately wounded.
The orc hits you but does no damage. The orc barely misses you.
You closely miss the orc.
The orc is moderately wounded.
The orc barely misses you.
You feel better. The orc barely misses you. You furiously retaliate!
You headbutt the orc, but do no damage. You hit the orc but do no damage.
The orc is moderately wounded.
The orc closely misses you.
The orc hits you with a +2 trident of protection.
* * * LOW HITPOINT WARNING * * *
Your body deteriorates!
You feel clumsy.
You hit the orc.
The orc is heavily wounded.
The orc hits you with a +2 trident of protection!
You die...

#.###### #.......
#......### #..)....
######...# ####..)....
###.####.....#.###
#......#####.# #
##########...######.# #
##......###.......##.##
##.......[##.#####.....#
#.......@..#.# #####.##
#.......o....# #...
#..........### #.##
#....[.....# #.#
#..........######### #.##
##...........#.....###...
#...................##.##
#....................#.##
#........................


You could see an orc.

Vanquished Creatures
  2 adders (D:2)
  A dart slug (D:1)
  2 orcs
  4 ball pythons
  2 giant cockroaches
  4 goblins
  2 hobgoblins (D:2)
  2 kobolds (D:1)
  A bat (D:1)
  6 frilled lizards (D:1)
  A rat (D:2)
27 creatures vanquished.

Notes
Turn   | Place    | Note
-------+----------+-------------------------------------------
     0 | D:1      | Anandil the Minotaur Hunter began the quest for the Orb.
     0 | D:1      | Reached XP level 1. HP: 18/18 MP: 0/0
    99 | D:1      | Found a faded altar of an unknown god.
   471 | D:1      | Reached XP level 2. HP: 25/25 MP: 1/1
  1053 | D:2      | Reached XP level 3. HP: 28/31 MP: 2/2
  1152 | D:2      | Reached skill level 1 in Armour
  1156 | D:2      | Reached skill level 1 in Polearms
  1857 | D:2      | Gained mutation: Your magical capacity is low. (-10% MP)
                  | [potion of mutation]
  1857 | D:2      | Gained mutation: Your body sometimes deteriorates upon
                  | taking damage. [potion of mutation]
  1865 | D:2      | Slain by an orc

Illustrated notes

Levels and vault maps discovered:
D:1:      nagdon_arrival_double_spiral, layout_basic,
          hellmonk_ecumenical_altar_blasted
D:2:      layout_rooms
D:3:      minmay_angry_zag, layout_rooms, mainiacjoe_overflow_paths,
          minmay_splitting_lines

Skill      XL: |  1  2  3 |
---------------+----------+-----
Fighting       | 3 |  3.6
Armour         | 1 |  1.3
Polearms       | 1 |  1.3
Ranged Weapons | |  4.3
Dodging        | |  2.8
Stealth        | |  0.7

Action                   || total
-------------------------++-------
Melee: Halberd           ||    43
       Headbutt          ||     4
 Fire: Shortbow          ||    48
  Use: Potion            ||     3
Armor: Leather armour    ||     8
       Ring mail         ||    23
Dodge: Dodged            ||    44
